 Dungeon Crawl Stone Soup version 0.29.1-13-g9f3cf754e1 (webtiles) character file.

Game seed: 1920085045196854605

14 jondo1214 the Trooper (level 2, 0/27 HPs)
             Began as a Hill Orc Fighter on Jan 31, 2023.
             Succumbed to an adder's poison
             ... on level 2 of the Dungeon.
             The game lasted 00:01:22 (447 turns).

jondo1214 the Trooper (Hill Orc Fighter)             Turns: 447, Time: 00:01:23

Health: 0/27       AC:  6    Str: 18    XL:     2   Next: 45%
Magic:  2/2        EV:  9    Int:  8    God:
Gold:   10         SH:  4    Dex: 10    Spells: 1/1 levels left

rFire   . . .      SeeInvis .   a - +0 war axe
rCold   . . .      Faith    .   c - +0 buckler
rNeg    . . .      Spirit   .   b - +0 scale mail
rPois   .          Reflect  .   (no helmet)
rElec   .          Harm     .   (no cloak)
rCorr   .          Rampage  .   (no gloves)
Will    .....                   (no boots)
Stlth   ..........              (no amulet)
HPRegen 0.09/turn               (no ring)
MPRegen 0.08/turn               (no ring)

@: lethally poisoned (0 -> -5)
A: no striking features
a: no special abilities


You were on level 2 of the Dungeon.
You visited 1 branch of the dungeon, and saw 2 of its levels.

You collected 10 gold pieces.

Inventory:

Hand Weapons
 a - a +0 war axe (weapon)
Missiles
 g - 3 poisoned darts (quivered)
Armour
 b - a +0 scale mail (worn)
 c - a +0 buckler (worn)
Scrolls
 e - a scroll of teleportation
Potions
 d - a potion of might
 f - 2 potions of curing {unknown}


   Skills:
 + Level 4.1 Fighting
 + Level 2.9 Axes
 + Level 3.4 Armour
 + Level 3.5 Shields


You had one spell level left.
You didn't know any spells.
Your spell library was empty.

Dungeon Overview and Level Annotations

Branches:
Dungeon (1/15)

Altars:


Message History

You hit the kobold but do no damage. The kobold hits you with a +0 dagger.
The kobold hits you but does no damage.
You hit the kobold.
You kill the kobold!
The adder bites you but does no damage.
You closely miss the adder. The adder barely misses you.
The adder closely misses you.
You miss the adder. The adder closely misses you.
The adder bites you but does no damage.
You barely miss the adder. You block the adder's attack. x2
You closely miss the adder. The adder bites you.
The adder bites you but does no damage.
You barely miss the adder. The adder closely misses you.
You closely miss the adder. The adder bites you.
You are poisoned.
The adder poisons you! You block the adder's attack.
You barely miss the adder.
You feel sick. The adder misses you. The adder bites you but does no damage.
You barely miss the adder.
You feel sick. You block the adder's attack.
The adder bites you but does no damage.
You closely miss the adder.
You feel sick.
You are no longer poisoned.
The adder closely misses you. The adder bites you.
You are poisoned.
The adder poisons you!
You miss the adder.
You feel sick.
The adder bites you but does no damage. x2
You slash the adder!
The adder is almost dead.
You feel sick. The adder bites you.
* * * LOW HITPOINT WARNING * * *
You are lethally poisoned!
The adder poisons you!
You closely miss the adder.
The adder is almost dead.
* * * LOW HITPOINT WARNING * * *
You feel sick. The adder bites you but does no damage.
The adder closely misses you.
You barely miss the adder.
The adder is almost dead.
You die...

. # ..# #########....
....###....@S....#
#...<..########.#
#.#.<..######
#####.####......##..#.
#.......#####........#
#######..##...##......
##....### ##.#. ######
#


You could see an adder.

Vanquished Creatures
  A bat (D:1)
  A giant cockroach (D:1)
  A goblin (D:2)
  3 hobgoblins (D:1)
  2 kobolds
  A quokka (D:1)
  2 frilled lizards (D:1)
  A rat (D:1)
12 creatures vanquished.

Notes
Turn   | Place    | Note
-------+----------+-------------------------------------------
     0 | D:1      | jondo1214 the Hill Orc Fighter began the quest for the Orb.
     0 | D:1      | Reached XP level 1. HP: 19/19 MP: 1/1
   214 | D:1      | Reached XP level 2. HP: 27/27 MP: 2/2
   221 | D:1      | Reached skill level 4 in Fighting
   225 | D:1      | Found a faded altar of an unknown god.
   403 | D:1      | You fall into a shaft and drop 1 floor!
   447 | D:2      | Succumbed to an adder's poison

Illustrated notes

Levels and vault maps discovered:
D:1:      ncdulo_halloftheorcs, layout_loops_cross,
          shapermc_ecumenical_altar_totnotflames, st_stairs_14,
          minmay_misc_feat_diagonals, minmay_lizard_pond
D:2:      layout_rooms

Skill      XL: |  1  2 |
---------------+-------+-----
Fighting       | 4 |  4.1
Axes           | |  2.9
Armour         | |  3.4
Shields        | |  3.5

Action                   || total
-------------------------++-------
Melee: War axe           ||    51
  Use: Scroll            ||     2
Armor: Scale mail        ||    19
Dodge: Dodged            ||    25
Block: Buckler           ||    14
